 Dungeon Crawl Stone Soup version 0.22-a0-93-g6b88ebb (webtiles) character file.

23 riftsalad the Caller (level 2, -1/19 HPs)
             Began as a Barachi Summoner on Jan 24, 2018.
             Slain by a jackal (3 damage)
             ... on level 1 of the Dungeon.
             The game lasted 00:10:33 (1378 turns).

riftsalad the Caller (Barachi Summoner)             Turns: 1378, Time: 00:10:34

Health: -1/19      AC:  2    Str:  9    XL:     2   Next: 95%
Magic:  5/5        EV: 12    Int: 15    God:
Gold:   35         SH:  0    Dex: 12    Spells: 4/5 levels left

rFire    . . .     SeeInvis .   f - +0 whip
rCold    . . .     Gourm    .   (no shield)
rNeg     . . .     Faith    .   a - +0 robe
rPois    .         Spirit   .   (no helmet)
rElec    .         Reflect  .   (no cloak)
rCorr    .         Harm     .   (no gloves)
MR       .....                  (no boots)
Stlth    ++........             (no amulet)
HPRegen  0.06/turn              (no ring)
MPRegen  0.09/turn              (no ring)

@: slow
A: +LOS, swims, slowness 1, strong legs 1
a: Hop


You were on level 1 of the Dungeon.
You were not hungry.

You visited 1 branch of the dungeon, and saw 1 of its levels.

You collected 35 gold pieces.

Inventory:

Hand Weapons
 f - a +0 whip (weapon)
Missiles
 d - 89 stones (quivered)
Armour
 a - a +0 robe (worn)
Jewellery
 k - an uncursed amulet of guardian spirit {unknown}
Scrolls
 e - a scroll of identify {unknown}
 g - a scroll of enchant armour {unknown}
 j - 5 scrolls of remove curse {unknown}
 m - a scroll of magic mapping {unknown}
Potions
 i - a potion of heal wounds {unknown}
 l - a potion of cancellation {unknown}
Books
 b - a book of Callings

   Spells                             Type                      Level
   a - Summon Small Mammal            Summoning                    1
   b - Call Imp                       Summoning                    2
   c - Call Canine Familiar           Summoning                    3
   d - Summon Guardian Golem          Hexes/Summoning              3
   e - Summon Lightning Spire         Summoning/Air                4
   f - Summon Ice Beast               Ice/Summoning                4
Comestibles
 c - 3 rations


   Skills:
 + Level 0.9 Maces & Flails
 + Level 2.5 Dodging
 - Level 1.7 Stealth
 + Level 2.4 Spellcasting
 * Level 5.3 Summonings


You had 4 spell levels left.
You knew the following spells:

 Your Spells              Type           Power        Failure   Level  Hunger
a - Summon Small Mammal   Summ           ###.         2%          1    #......


Dungeon Overview and Level Annotations

Branches:
Dungeon (1/15)

Altars:


Innate Abilities, Weirdness & Mutations

Shadows flee at your approach. (+LOS)
You can swim through water.
You cover ground slowly.
You can hop short distances.


Message History

Your bat hits the worm.
Your bat barely misses the worm.
Your bat hits the worm but does no damage.
Your bat hits the worm.
Your bat hits the worm but does no damage.
Your bat hits the worm. The worm bites your bat.
Your bat dies!
Your bat's corpse disappears in a puff of smoke!
There is a fountain of clear blue water here.
There is an open door here.
The jackal stops to sniff the ground.
You close the door.
The jackal bites you.
* * * LOW HITPOINT WARNING * * *
You hit the jackal.
The jackal is moderately wounded.
The jackal closely misses you.
The jackal bites you but does no damage.
The jackal bites you.
You die...

#..#...Jrhwr.....#.##
##.#...sJhrr.....#)#
#.#######h#######.# ##
#.#.............#.# .#
#.+⌠..wJ###....⌠'.# .#
#.#...ws.<......#.# .#
#.#..⌠...>...⌠..#.## .#
#)###+#######'###..# .#
#........@hh.......# ##
#.##......h....##..#######
#.##.###.#.##............#
####
#........#.##.###.######.#
...# #........#.##.###.#
#.# ##.#
####.#####........# #.#
#.# #.# ###...#### #.#
##.# ##.### ##.....## ##.#
##.# ##....###.......##
##..#


You could see 3 jackals.

Vanquished Creatures
  A dart slug (D:1)
  A bat (D:1)
  A giant cockroach (D:1)
  2 goblins (D:1)
  3 hobgoblins (D:1)
  2 jackals (D:1)
  A frilled lizard (D:1)
  3 rats (D:1)
14 creatures vanquished.

Vanquished Creatures (collateral kills)
  A ball python (D:1)
  A bat (D:1)
  A hobgoblin (D:1)
  A jackal (D:1)
  2 rats (D:1)
6 creatures vanquished.

Grand Total: 20 creatures vanquished

Notes
Turn   | Place    | Note
-------+----------+-------------------------------------------
     0 | D:1      | riftsalad the Barachi Summoner began the quest for the Orb.
     0 | D:1      | Reached XP level 1. HP: 13/13 MP: 3/3
     4 | D:1      | Found a runed door.
   155 | D:1      | Reached skill level 5 in Summonings
   166 | D:1      | Reached XP level 2. HP: 9/19 MP: 3/5
  1378 | D:1      | Slain by a jackal

Vault maps used:
D:1:      dpeg_arrival_caged_fury

Skill      XL: |  1 |
---------------+----+-----
Summonings     | 5 |  5.3
Maces & Flails | |  0.9
Dodging        | |  2.5
Stealth        | |  1.7
Spellcasting   | |  2.4

Action                   || total
-------------------------++-------
Melee: Whip              ||    83
       Unarmed           ||     3
Throw: Stone             ||    27
 Cast: Summon Small Mamm ||     7
  Eat: Chunk             ||     2
Armor: Robe              ||    29
Dodge: Dodged            ||    83

Table legend:
 A = Spawn XP
 B = Non-spawn XP
 C = Spawn XP percentage of total XP
 D = Spawn monster count
 E = Non-spawn monster count
 F = Spawn count percentage of total count
 G = Total turns spent on level
                    A         B        C        D         E        F      G
               +---------+---------+-------+---------+---------+-------+---------
         Total |       0 |      33 |   0.0 |       0 |      20 |   0.0 |  1378
               +---------+---------+-------+---------+---------+-------+---------
           D:1 |       0 |      33 |   0.0 |       0 |      20 |   0.0 |  1378
               +---------+---------+-------+---------+---------+-------+---------
